 Dungeon Crawl Stone Soup version 0.25-a0-528-g6b7c99946c (webtiles) character file.

Game seed: 48991165476384729, levelgen mode: deterministic

45780 vurker the Stormcaller (level 14, -1/86 HPs)
             Began as a Tengu Air Elementalist on Feb 19, 2020.
             Was a High Priest of Vehumet.
             Slain by a five-headed hydra (4 damage)
             ... on level 6 of the Lair of Beasts.
             The game lasted 00:43:15 (28878 turns).

vurker the Stormcaller (Tengu Air Elementalist)    Turns: 28878, Time: 00:43:16

Health: -1/86      AC:  9    Str: 10    XL:     14   Next: 34%
Magic:  34/39      EV: 33    Int: 21    God:    Vehumet [*****.]
Gold:   871        SH:  0    Dex: 15    Spells: 3/36 levels left

rFire    . . .     SeeInvis +   o - +1 dagger (elec)
rCold    . . .     Gourm    .   (no shield)
rNeg     . . .     Faith    .   D - +1 robe {MR+}
rPois    +         Spirit   .   G - +2 hat
rElec    +         Reflect  .   F - +0 cloak
rCorr    .         Harm     .   f - +2 pair of gloves {archery}
MR       +++..                  (boots unavailable)
Stlth    ++........             H - amulet of the Final Chapter {Acrobat +Fly MP+9 SInv}
HPRegen  0.24/turn              I - ring of the Endless Lives {Wiz rElec rPois Str+2}
MPRegen  0.26/turn              s - ring of protection from magic

@: acrobat, flying quickly and evasively, deflect missiles, quick
A: beak, talons 3, able to fly
a: Stop Flying, Renounce Religion


You were on level 6 of the Lair of Beasts.
You worshipped Vehumet.
Vehumet was extremely pleased with you.
You were very hungry.

You visited 3 branches of the dungeon, and saw 18 of its levels.

You collected 2590 gold pieces.
You spent 1719 gold pieces at shops.

Inventory:

Hand Weapons
 o - a +1 dagger of electrocution (weapon)
   (You took it off Ijyb on level 3 of the Dungeon)
Armour
 f - a +2 pair of gloves of archery (worn)
   (You found it on level 8 of the Dungeon)
 D - a +1 robe of magic resistance (worn)
   (You took it off Dowan on level 7 of the Dungeon)
 F - a +0 cloak (worn)
   (You found it on level 11 of the Dungeon)
 G - a +2 hat (worn)
   (You found it on level 3 of the Lair of Beasts)
Jewellery
 m - an uncursed ring of fire
   (You found it on level 6 of the Dungeon)
 p - an uncursed ring of protection from cold
   (You found it on level 2 of the Dungeon)
 s - a ring of protection from magic (right hand)
   (You found it on level 2 of the Dungeon)
 H - the amulet of the Final Chapter (around neck) {Acrobat +Fly MP+9 SInv}
   (You bought it in a shop on level 9 of the Dungeon)

   [amulet of the acrobat]

   It helps you evade while moving and waiting.
   It affects your magic capacity (+9).
   It lets you see invisible.
   It lets you fly.
 I - the ring of the Endless Lives (left hand) {Wiz rElec rPois Str+2}
   (You bought it in a shop on level 9 of the Dungeon)

   [ring of wizardry]

   It improves your spell success rate.
   It affects your strength (+2).
   It insulates you from electricity.
   It protects you from poison.
Wands
 c - a wand of disintegration (43)
   (You found it on level 2 of the Dungeon)
 k - a wand of polymorph (17)
   (You found it on level 4 of the Dungeon)
 q - a wand of scattershot (4)
   (You took it off an orc priest on level 6 of the Dungeon)
 t - a wand of flame (11)
   (You found it on level 8 of the Dungeon)
 u - a wand of paralysis (24)
   (You took it off Ijyb on level 3 of the Dungeon)
 x - a wand of acid (8)
   (You found it on level 7 of the Dungeon)
 y - a wand of clouds (7)
   (You found it on level 10 of the Dungeon)
Scrolls
 a - a scroll of immolation
 b - 3 scrolls of enchant weapon
 d - 2 scrolls of magic mapping {unknown}
 h - 12 scrolls of teleportation
 l - 17 scrolls of remove curse
 z - 5 scrolls of enchant armour
Potions
 g - a potion of haste
 i - 3 potions of resistance
 j - 3 potions of cancellation
 n - 5 potions of heal wounds
 v - 5 potions of lignification
 A - 2 potions of mutation
 B - a potion of magic {unknown}
 C - 5 potions of curing
Miscellaneous
 J - a lamp of fire
   (You found it on level 4 of the Lair of Beasts)
Comestibles
 e - 26 rations
 w - 2 chunks of flesh


   Skills:
 + Level 9.1 Fighting
 - Level 5.0 Dodging
 - Level 2.0 Stealth
 * Level 11.8 Spellcasting
 + Level 14.0 Conjurations
 * Level 16.1 Air Magic
 + Level 8.2 Evocations


You had 3 spell levels left.
You knew the following spells:

 Your Spells              Type           Power        Failure   Level  Hunger
a - Orb of Destruction    Conj           ######....   1%          7    #######
b - Lightning Bolt        Conj/Air       ######....   1%          5    ####...
c - Airstrike             Air            ######....   1%          4    #......
q - Irradiate             Conj/Tmut      #####.....   1%          5    ####...
w - Deflect Missiles      Chrm/Air       #####.....   12%         6    ######.
z - Conjure Ball Lightni  Conj/Air       ######....   1%          6    ######.

Your spell library contained the following spells:

 Spells                   Type           Power        Failure   Level  Hunger
 Olgreb's Toxic Radiance  Pois           ##......     6%          4    #......
 Magic Dart               Conj           ####         0%          1    None
 Shock                    Conj/Air       ####         0%          1    None
 Foxfire                  Conj/Fire      ####         1%          1    None
 Sandblast                Erth           ##....       1%          1    None
 Corpse Rot               Necr/Air       N/A          1%          2    None
 Swiftness                Chrm/Air       #####...     1%          2    None
 Conjure Flame            Conj/Fire      #####...     1%          3    None
 Inner Flame              Hex/Fire       ##......     1%          3    None
 Mephitic Cloud           Conj/Pois/Air  ######..     1%          3    None
 Static Discharge         Conj/Air       ######..     1%          3    None
 Stone Arrow              Conj/Erth      #####.       1%          3    None
 Blink                    Tloc           N/A          3%          2    None
 Call Imp                 Summ           ##......     3%          2    None
 Passwall                 Tmut/Erth      ##......     3%          2    None
 Slow                     Hex            ##......     3%          2    None
 Sticky Flame             Conj/Fire      #####...     1%          4    #......
 Summon Lightning Spire   Summ/Air       #####...     1%          4    #......
 Fireball                 Conj/Fire      #####.....   1%          5    ####...
 Iskenderun's Battlesphe  Conj/Chrm      #####...     1%          5    ####...
 Bolt of Magma            Conj/Fire/Erth ####......   2%          5    ####...
 Silence                  Hex/Air        #####.....   2%          5    ####...
 Iron Shot                Conj/Erth      #####.....   5%          6    ######.
 Lee's Rapid Deconstruct  Erth           ##........   16%         5    ####...
 Petrify                  Tmut/Erth      ##......     21%         4    #......
 Spellforged Servitor     Conj/Summ      #####.....   26%         7    #######
 Summon Forest            Summ/Tloc      ##........   50%         5    ####...
 Tornado                  Air            ######....   54%         9    #######
 Eringya's Noxious Bog    Tmut/Pois      ##........   96%         6    ######.
 Hydra Form               Tmut           ##........   96%         6    ######.
 Summon Hydra             Summ           ##........   100%        7    #######


Dungeon Overview and Level Annotations

Branches:
Dungeon (11/15)            Temple (1/1) D:6            Lair (6/6) D:9
 Shoals (0/4) Lair:3       Spider (0/4) Lair:4
  Slime: Lair:5-6       Orc: D:9-12

Altars:
Ashenzari
Cheibriados
Dithmenos
Elyvilon
Fedhas
Gozag
Hepliaklqana
Kikubaaqudgha
Makhleb
Nemelex Xobeh
Okawaru
Qazlal
Ru
Sif Muna
Trog
Uskayaw
Vehumet
Wu Jian
Xom
Yredelemnul
Zin
The Shining One

Shops:
D:9 =

Annotations:
D:6 3 runed translucent doors, EtherCrawl's ghost, novice OgTm
Lair:2 2 runed translucent doors, kae's ghost, adept DsFi
Lair:3 2 runed translucent doors, Naannir's ghost, journeyman SpAs
Lair:6 1 runed translucent door


Innate Abilities, Weirdness & Mutations

You have a beak for a mouth.
You have claws for feet.
You can fly continuously.


Message History

A five-headed hydra comes into view.
A yak comes into view.
You create some ball lightning!
You are feeling very hungry. 2 ball lightnings come into view.
The yak closely misses you.
Your ball lightning explodes!
The blast of lightning engulfs you. You resist.
The blast of lightning engulfs your ball lightning.
Your ball lightning completely resists.
The blast of lightning engulfs the yak!!
You kill the yak!
Vehumet accepts your kill.
The blast of lightning engulfs the yak!!
The blast of lightning engulfs the elephant!!
You kill the elephant!
Vehumet accepts your kill.
Vehumet offers you knowledge of Olgreb's Toxic Radiance.
You feel your power returning.
Your ball lightning explodes!
The blast of lightning engulfs you. You resist.
The blast of lightning engulfs the yak!!
You kill the yak!
Vehumet accepts your kill.
A yak comes into view.
The hippogriff screeches!
A spiny frog comes into view.
Found 22 gold pieces.
You hit the death yak but do no damage.
You claw the death yak, but do no damage.
The hippogriff bites you!
* * * LOW HITPOINT WARNING * * *
The hippogriff misses you. The hippogriff claws you!
* * * LOW HITPOINT WARNING * * *
The death yak gores you!!
* * * LOW HITPOINT WARNING * * *
The yak gores you!
* * * LOW HITPOINT WARNING * * *
As you read the scroll of fear, it crumbles to dust.
You assume a fearsome visage.
The elephant resists with some effort.
The death yak easily resists.
The death yak resists with almost no effort.
The death yak looks frightened!
The death yak resists with almost no effort. x2
The hippogriff looks frightened!
The yak looks frightened!
The yak resists with some effort.
The five-headed hydra resists with almost no effort.
The death yak completely misses you. The elephant barely misses you.
The elephant misses you. The yak barely misses you.
The five-headed hydra misses you. The five-headed hydra bites you.
You die...

..... ...# ..## ..
#.### .Y$
###.<.###..
##........#
##...F⌠....##
##.....#.....#
##...##@DY#.....
###..†####.####Y..
#....Y.#YYYY.##...
.+......Y..........
...⌠.....⌠..<..H....
........Y...........
..#.#....#....#.....
....#....##.#####...
...##...##..###...#


You could see 2 death yaks, a five-headed hydra, a hippogriff (fleeing), 2 yaks
and a spiny frog.

Vanquished Creatures
  Erolcha (D:9)
  An ice dragon (Lair:6)
  8 hydras
  A catoblepas (Lair:4)
  3 two-headed ogres
  Sonja (D:11)
  Pikel (D:5)
  An ugly thing (D:11)
  An oklob plant (Lair:2)
  A manticore (Lair:3)
  5 elephants
  A black mamba (Lair:3)
  A spectral centaur (D:10)
  Joseph (Lair:1)
  Maggie (D:7)
  9 spiny frogs
  2 rime drakes
  8 komodo dragons
  A troll (D:9)
  8 hippogriffs
  Grinder (D:3)
  10 blink frogs (Lair:4)
  15 dream sheep
  Sigmund (D:3)
  2 wyverns
  48 yaks
  4 basilisks
  14 water moccasins
  7 porcupines
  Duvessa (D:7)
  3 orc warriors
  An ice beast (D:7)
  3 sky beasts
  2 slaves (D:5)
  2 black bears
  A necrophage (D:10)
  8 ogres
  3 phantoms
  4 wolves (Lair:3)
  4 centaurs
  13 crocodiles
  5 big kobolds
  2 gnoll sergeants
  11 bullfrogs
  A water moccasin zombie (D:10)
  Dowan (D:7)
  A wyvern zombie (D:10)
  4 scorpions
  2 wyvern skeletons
  7 killer bees
  8 wights (D:9)
  4 electric eels (Lair:4)
  2 howler monkeys (D:8)
  5 crimson imps
  3 bullfrog zombies
  9 hounds
  3 jellies
  2 quasits
  A bullfrog skeleton (D:11)
  10 orc priests
  3 centaur skeletons
  4 centaur zombies
  10 orc wizards
  Ijyb (D:3)
  Terence (D:3)
  4 iguanas
  6 worker ants
  A hound zombie (D:6)
  4 hound skeletons
  A howler monkey zombie (D:7)
  Robin (D:4)
  A howler monkey skeleton (D:10)
  A worker ant zombie (D:10)
  18 gnolls
  10 adders
  4 shadow imps
  2 white imps (Lair:6)
  4 adder skeletons
  4 worms
  4 dart slugs
  6 leopard geckos
  52 orcs
  2 ball pythons
  5 giant cockroaches
  16 hobgoblins
  13 jackals
  13 kobolds
  5 quokkas
  6 bats
  4 frilled lizards
  12 goblins
  A leopard gecko skeleton (D:2)
  A leopard gecko zombie (D:5)
  A quokka skeleton (D:4)
  7 rats
  3 fungi
  A plant (Lair:1)
516 creatures vanquished.

Vanquished Creatures (others)
  66 ball lightnings
  12 fungi
  6 plants
84 creatures vanquished.

Grand Total: 600 creatures vanquished

Notes
Turn   | Place    | Note
-------+----------+-------------------------------------------
     0 | D:1      | vurker the Tengu Air Elementalist began the quest for the
                  | Orb.
     0 | D:1      | Reached XP level 1. HP: 10/10 MP: 4/4
   201 | D:1      | Reached XP level 2. HP: 16/16 MP: 0/6
   722 | D:1      | Reached XP level 3. HP: 20/20 MP: 5/7
  1443 | D:2      | Found an iron altar of Okawaru.
  1453 | D:2      | Found an opulent altar of Gozag.
  1490 | D:2      | Found a faded altar of an unknown god.
  1921 | D:2      | Reached skill level 1 in Fighting
  2103 | D:2      | You fall into a shaft and drop 2 floors!
  2121 | D:4      | Reached skill level 5 in Air Magic
  2121 | D:4      | Reached XP level 4. HP: 7/25 MP: 1/9
  2594 | D:3      | Noticed Grinder
  3079 | D:3      | Gained mutation: You can fly continuously. [Tengu growth]
  3079 | D:3      | Reached XP level 5. HP: 29/29 MP: 7/10
  3146 | D:3      | Noticed Ijyb
  3156 | D:3      | Paralysed by Ijyb for 3 turns
  3158 | D:3      | HP: 1/29 [Ijyb/+0 dagger of electrocution (10)]
  3161 | D:3      | Killed Ijyb
  3696 | D:3      | Noticed Sigmund
  3708 | D:3      | Learned a level 5 spell: Lightning Bolt
  3713 | D:3      | Learned a level 4 spell: Airstrike
  3743 | D:3      | Killed Sigmund
  3743 | D:3      | Reached skill level 6 in Air Magic
  3743 | D:3      | Reached XP level 6. HP: 13/35 MP: 4/12
  4057 | D:3      | Found a blossoming altar of Fedhas.
  4159 | D:3      | Killed Grinder
  4159 | D:3      | Reached XP level 7. HP: 40/40 MP: 5/14
  4264 | D:3      | Noticed Terence
  4283 | D:3      | Killed Terence
  4665 | D:4      | Reached skill level 7 in Air Magic
  4963 | D:4      | Noticed Robin
  4971 | D:4      | Killed Robin
  5481 | D:4      | Reached skill level 5 in Spellcasting
  5609 | D:4      | Reached XP level 8. HP: 46/46 MP: 12/16
  5878 | D:5      | Entered Level 5 of the Dungeon
  5878 | D:5      | Found a hide-covered altar of Uskayaw.
  5878 | D:5      | Found a snail-covered altar of Cheibriados.
  6041 | D:5      | Reached skill level 5 in Conjurations
  6158 | D:4      | Found a shimmering altar of Xom.
  6200 | D:5      | Reached skill level 8 in Air Magic
  6691 | D:5      | Noticed Pikel
  6719 | D:5      | Killed Pikel
  6719 | D:5      | Reached skill level 1 in Evocations
  6858 | D:5      | Found a bloodstained altar of Trog.
  7222 | D:6      | Reached XP level 9. HP: 52/52 MP: 13/18
  7394 | D:6      | Reached skill level 9 in Air Magic
  8013 | D:6      | Found a sacrificial altar of Ru.
  8282 | D:6      | Found an ornate altar of the Wu Jian Council.
  8315 | D:6      | Found a staircase to the Ecumenical Temple.
  8357 | Temple   | Entered the Ecumenical Temple
  8362 | Temple   | Became a worshipper of Vehumet
  8574 | D:6      | Found a runed translucent gate.
  8576 | D:6      | Found a runed translucent gate.
  8576 | D:6      | Found a runed translucent gate.
  9075 | D:6      | Noticed EtherCrawl's ghost (novice OgTm)
  9648 | D:7      | Noticed Maggie
  9672 | D:7      | Reached * piety under Vehumet
  9672 | D:7      | Offered knowledge of Freeze by Vehumet.
  9681 | D:7      | Killed Maggie
 10381 | D:7      | Reached skill level 10 in Air Magic
 10558 | D:7      | Noticed Duvessa
 10559 | D:7      | Noticed Dowan
 10577 | D:7      | Killed Duvessa
 10590 | D:7      | Reached XP level 10. HP: 55/58 MP: 3/21
 10591 | D:7      | Killed Dowan
 11709 | D:8      | Reached skill level 5 in Fighting
 11870 | D:8      | Offered knowledge of Searing Ray by Vehumet.
 12004 | D:8      | Reached ** piety under Vehumet
 13109 | D:9      | Reached skill level 5 in Dodging
 13179 | D:9      | Found Cimuer's Jewellery Emporium.
 13371 | D:9      | Reached skill level 11 in Air Magic
 13563 | D:9      | Noticed Erolcha
 13798 | D:9      | Killed Erolcha
 13813 | D:9      | Reached XP level 11. HP: 64/64 MP: 2/23
 14016 | D:9      | Found a sparkling altar of Nemelex Xobeh.
 14213 | D:9      | Reached skill level 10 in Conjurations
 14512 | D:9      | Offered knowledge of Frozen Ramparts by Vehumet.
 14803 | D:9      | Noticed a two-headed ogre
 14808 | D:9      | Killed a two-headed ogre
 15008 | D:9      | Found a stormy altar of Qazlal.
 15009 | D:9      | Found a shadowy altar of Dithmenos.
 15009 | D:9      | Found a white marble altar of Elyvilon.
 15068 | D:9      | Found a staircase to the Lair.
 15182 | D:9      | Noticed a two-headed hydra
 15190 | D:9      | Killed a two-headed hydra
 15190 | D:9      | Reached skill level 12 in Air Magic
 15482 | D:10     | Entered Level 10 of the Dungeon
 15579 | D:10     | Reached skill level 5 in Evocations
 15588 | D:10     | Reached *** piety under Vehumet
 16382 | D:10     | Offered knowledge of Dazzling Flash by Vehumet.
 16834 | D:10     | Found a stormy altar of Qazlal.
 17703 | D:11     | Reached XP level 12. HP: 71/71 MP: 9/26
 18104 | D:11     | Noticed a two-headed ogre
 18108 | D:11     | Killed a two-headed ogre
 18108 | D:11     | Reached **** piety under Vehumet
 18216 | D:11     | Noticed a two-headed ogre
 18222 | D:11     | Killed a two-headed ogre
 18222 | D:11     | Reached skill level 13 in Air Magic
 18285 | D:11     | Offered knowledge of Irradiate by Vehumet.
 18730 | D:11     | Identified a scroll of acquirement
 18730 | D:11     | Identified the amulet "Jyra" {Regen+ Dex+4} (You acquired
                  | it on level 11 of the Dungeon)
 18874 | D:11     | Noticed Sonja
 18879 | D:11     | Killed Sonja
 19376 | D:11     | Learned a level 5 spell: Irradiate
 19577 | D:9      | Bought the amulet of the Final Chapter {Acrobat +Fly MP+9
                  | SInv} for 933 gold pieces
 19577 | D:9      | Bought the ring of the Endless Lives {Wiz rElec rPois
                  | Str+2} for 786 gold pieces
 19607 | Lair:1   | Entered Level 1 of the Lair of Beasts
 19615 | Lair:1   | Learned a level 6 spell: Conjure Ball Lightning
 19622 | Lair:1   | Learned a level 6 spell: Deflect Missiles
 19704 | Lair:1   | Noticed an eight-headed hydra
 19709 | Lair:1   | Killed an eight-headed hydra
 20270 | Lair:1   | Noticed Joseph
 20289 | Lair:1   | Reached skill level 10 in Spellcasting
 20620 | Lair:1   | Reached ***** piety under Vehumet
 20749 | Lair:1   | Offered knowledge of Bolt of Magma by Vehumet.
 21055 | Lair:1   | Reached skill level 14 in Air Magic
 21062 | Lair:1   | Killed Joseph
 21627 | Lair:2   | Reached XP level 13. HP: 69/77 MP: 25/28
 22730 | Lair:2   | Found a large runed translucent door.
 22731 | Lair:2   | Found a large runed translucent door.
 22734 | Lair:2   | Noticed kae's ghost (adept DsFi)
 23669 | Lair:3   | Found a staircase to the Shoals.
 23886 | Lair:3   | Found a large runed translucent door.
 23887 | Lair:3   | Found a large runed translucent door.
 23889 | Lair:3   | Noticed Naannir's ghost (journeyman SpAs)
 24830 | Lair:4   | Found a hole to the Spider Nest.
 24843 | Lair:4   | Reached skill level 15 in Air Magic
 26009 | Lair:4   | You are sucked into a shaft and drop 2 floors!
 26009 | Lair:6   | Entered Level 6 of the Lair of Beasts
 26147 | Lair:6   | Noticed an ice dragon
 26152 | Lair:6   | Killed an ice dragon
 27024 | D:8      | Learned a level 7 spell: Orb of Destruction
 27292 | Lair:5   | Reached XP level 14. HP: 84/84 MP: 29/30
 27914 | Lair:5   | Got a scorched leather armour
 27925 | Lair:5   | Identified the +3 leather armour "Otai" {rPois Int-4 SInv}
                  | (You found it on level 5 of the Lair of Beasts)
 28598 | Lair:6   | Reached skill level 16 in Air Magic
 28860 | Lair:6   | Found a runed translucent door.
 28872 | Lair:6   | Offered knowledge of Olgreb's Toxic Radiance by Vehumet.
 28876 | Lair:6   | HP: 2/86 [yak (9)]
 28878 | Lair:6   | Slain by a five-headed hydra

Levels and vault maps discovered:
D:1:      dpeg_arrival_brainrot, layout_loops_ring
D:2:      minmay_wonky_spiral, layout_basic, lemuel_doored_altar,
          chequers_ecumenical_altar_island, serial_park_tiny_pond,
          chequers_serial_rivers_room_a, grunt_gozag_statues
D:3:      layout_loops_ring, fedhas_altar_2, first_ration, uniq_terence,
          uniq_grinder, uniq_sigmund, uniq_ijyb
D:4:      layout_loops_corners, nicolae_overflow_hidden_temple, uniq_robin
D:5:      layout_loops_ring, overflow_temple_1_default, lemuel_crystal_altar,
          trog_butcher_becter, uniq_pikel
D:6:      layout_layer_cave, overflow_temple_1_default, nicolae_ru_awakened_eye,
          minmay_temple_entry_offerings, gammafunk_ghost_necromancy
D:7:      layout_layer_cave, uniq_duvessa, uniq_maggie
D:8:      layout_rooms
D:9:      layout_rooms, lemuel_round_altar, gammafunk_temple_overflow_forgotten,
          lair_entry_dummy, serial_shops, shop, hangedman_ranch
          [blue_anna_fruit_fields], uniq_erolcha
D:10:     layout_small_grid, basic_altar, minmay_door_square,
          corexii_corridor_pit, hangedman_weighted_door
D:11:     layout_loops_cross, kennysheep_minor_cross, uniq_sonja
Temple:   minmay_freezing_vapour_temple
Lair:1:   layout_cave_pods, beast_lair_carwin_10, uniq_joseph
Lair:2:   layout_layer_cave, ebering_ghost_disaster_area, lemuel_fruit_tree
Lair:3:   layout_long_grid, minmay_shoals_entry_beasts,
          ebering_ghost_disaster_area, patterned_corridor
Lair:4:   layout_cave_pods, dummy_spider_entry, disabler_island,
          grunt_megastairs_2
Lair:5:   layout_gridlike
Lair:6:   grunt_lair_end_beastmaster, layout_cave_pods, slime_altar_2,
          gauntlet_entry_generic, bobbens_ice_dragon_lair,
          minmay_lair_oklob_chamber, grunt_megastairs_5

Skill      XL: |  1  2  3  4  5  6  7  8  9 10 11 12 13 14 |
---------------+-------------------------------------------+-----
Conjurations   | 2 3 4 6 8 9 11 12 13 14 | 14.0
Fighting       | 1 2 3 4 5 6 7 8 9 |  9.1
Air Magic      | 5 6 7 8 10 11 12 14 15 16 | 16.1
Spellcasting   | 3 4 5 6 7 9 10 11 | 11.8
Dodging        | 3 4 5 |  5.0
Evocations     | 1 3 4 5 6 7 8 |  8.2
Stealth        | |  2.0

Action                   |  1- 3 |  4- 6 |  7- 9 | 10-12 | 13-15 || total
-------------------------+-------+-------+-------+-------+-------++-------
Melee: Unarmed           |     6 |       |       |       |       ||     6
       Kick              |     3 |     3 |     3 |    19 |     3 ||    31
       Dagger            |     5 |     7 |    15 |    57 |     7 ||    91
       Peck              |       |     2 |     3 |     8 |     1 ||    14
 Cast: Shock             |    75 |    73 |   243 |   148 |       ||   539
       Airstrike         |       |       |    61 |   333 |   197 ||   591
       Conjure Ball Ligh |       |       |       |     5 |    23 ||    28
       Deflect Missiles  |       |       |       |     1 |     1 ||     2
       Lightning Bolt    |       |       |       |       |     3 ||     3
       Irradiate         |       |       |       |       |     5 ||     5
 Abil: Fly               |       |     1 |       |       |       ||     1
Evoke: Wand              |       |       |     5 |    14 |     3 ||    22
  Use: Scroll            |       |       |    15 |     3 |     4 ||    22
 Stab: Distracted        |       |       |       |     1 |       ||     1
  Eat: Chunk             |     4 |     1 |    20 |    41 |    15 ||    81
       Ration            |       |     2 |     2 |     5 |     5 ||    14
Armor: Robe              |     8 |     3 |     6 |    23 |    11 ||    51
Dodge: Dodged            |    14 |    14 |    42 |   139 |    66 ||   275
       Deflected         |       |       |       |     2 |     5 ||     7

Table legend:
 A = Non-vault XP
 B = Vault XP
 C = Vault XP percentage of total XP
 D = Non-vault monster count
 E = Vault monster count
 F = Vault count percentage of total count
                 A         B        C        D         E       F
            +---------+---------+-------+---------+---------+-------
      Total |   50220 |   15180 |  23.2 |     433 |      77 |  15.1
            +---------+---------+-------+---------+---------+-------
        D:1 |      32 |       2 |   5.9 |      18 |       1 |   5.3
        D:2 |      38 |      14 |  26.9 |      18 |       5 |  21.7
        D:3 |      72 |     585 |  89.0 |      19 |       4 |  17.4
        D:4 |     486 |      35 |   6.7 |      30 |      12 |  28.6
        D:5 |     395 |     657 |  62.5 |      14 |       5 |  26.3
        D:6 |     970 |       0 |   0.0 |      30 |       0 |   0.0
        D:7 |    1247 |     622 |  33.3 |      40 |       3 |   7.0
        D:8 |    1213 |       0 |   0.0 |      24 |       0 |   0.0
        D:9 |    3848 |    3201 |  45.4 |      41 |       9 |  18.0
       D:10 |    4304 |     619 |  12.6 |      37 |       5 |  11.9
       D:11 |    4905 |     807 |  14.1 |      41 |       1 |   2.4
     Lair:1 |    5526 |    2163 |  28.1 |      21 |      10 |  32.3
     Lair:2 |    3719 |       0 |   0.0 |      15 |       0 |   0.0
     Lair:3 |    6760 |     807 |  10.7 |      24 |       2 |   7.7
     Lair:4 |    6612 |    1842 |  21.8 |      23 |      11 |  32.4
     Lair:5 |    6732 |     944 |  12.3 |      29 |       2 |   6.5
     Lair:6 |    3361 |    2882 |  46.2 |       9 |       7 |  43.8
            +---------+---------+-------+---------+---------+-------
